SL
PANAMA CITY PIRANHAS @ BROOKLYN DODGERS
10/07/2028
 
TOP OF THE 1ST
Panama City Piranhas batting - Pitching for Brooklyn Dodgers : RHP Víctor García
Pitching: RHP Víctor García
Batting: RHB Raúl Ortíz 0-0: Called Strike
0-1: Ball
1-1: Foul Ball, location: 2F
1-2: Ball
2-2: Ball
3-2: Base on Balls
Batting: RHB Armando Alvarado 0-0: Ball
1-0: Swinging Strike
1-1: Swinging Strike
1-2: Strikes out swinging
Batting: RHB Juan Jose Ayala 0-0: Swinging Strike
0-1: Ball
1-1: Ball
2-1: Grounds into double play, 5-4-3 (Groundball, 5)
Top of the 1st over - 0 run(s), 0 hit(s), 0 error(s), 0 left on base; Panama City 0 - Brooklyn 0
BOTTOM OF THE 1ST
Brooklyn Dodgers batting - Pitching for Panama City Piranhas : RHP Luis Flores
Pitching: RHP Luis Flores
Batting: SHB Juan Rivas 0-0: Ball
1-0: Ball
2-0: Swinging Strike
2-1: Ball
3-1: Swinging Strike
3-2: Foul Ball, location: 2F
3-2: Foul Ball, location: 2F
3-2: Foul Ball, location: 2F
3-2: Fly out, F7 (Flyball, 7D)
Batting: RHB Ulbert Sutkamp 0-0: Swinging Strike
0-1: Ball
1-1: DOUBLE (Flyball, 89XD)
Batting: LHB Manuel Carmona 0-0: TRIPLE (Flyball, 9D)
Ulbert Sutkamp scores
Batting: LHB Avon Barksdale 0-0: Ground out U3 (Groundball, 34)
Manuel Carmona scores
Batting: LHB Mysterious Walker 0-0: Called Strike
0-1: Ball
1-1: Foul Ball, location: 2F
1-2: Fly out, F4 (Popup, 4)
Bottom of the 1st over - 2 run(s), 2 hit(s), 0 error(s), 0 left on base; Panama City 0 - Brooklyn 2
TOP OF THE 2ND
Panama City Piranhas batting - Pitching for Brooklyn Dodgers : RHP Víctor García
Batting: RHB Baldomero Avino 0-0: Ball
1-0: SINGLE (Line Drive, 78S)
Batting: RHB Andy Putman 0-0: Fly out, F8 (Flyball, 8RS)
Batting: LHB Sergio Muñóz 0-0: Ball
1-0: Swinging Strike
1-1: Called Strike
1-2: Foul Ball, location: 2F
1-2: Ball
2-2: Strikes out looking
Batting: RHB Lorenzo Rosas 0-0: Swinging Strike
0-1: Swinging Strike
0-2: Strikes out looking
Top of the 2nd over - 0 run(s), 1 hit(s), 0 error(s), 1 left on base; Panama City 0 - Brooklyn 2
BOTTOM OF THE 2ND
Brooklyn Dodgers batting - Pitching for Panama City Piranhas : RHP Luis Flores
Batting: RHB Gustavo Mateo 0-0: Ball
1-0: Ball
2-0: Ball
3-0: Called Strike
3-1: Called Strike
3-2: Fly out, F8 (Line Drive, 8LS)
Batting: LHB Ki-tak Im 0-0: Ball
1-0: Fly out, F6 (Line Drive, 6)
Batting: LHB Chad Armstrong 0-0: Called Strike
0-1: SOLO HOME RUN (Flyball, 89XD), Distance : 433 ft
Batting: RHB Gerald Clark 0-0: Swinging Strike
0-1: Fly out, F6 (Line Drive, 6M)
Bottom of the 2nd over - 1 run(s), 1 hit(s), 0 error(s), 0 left on base; Panama City 0 - Brooklyn 3
TOP OF THE 3RD
Panama City Piranhas batting - Pitching for Brooklyn Dodgers : RHP Víctor García
Batting: LHB Robert Adams 0-0: Foul Ball, location: 2F
0-1: Foul Ball, location: 2F
0-2: Ball
1-2: Strikes out looking
Batting: RHB Cale Sutton 0-0: Called Strike
0-1: Fly out, F8 (Flyball, 8RM)
Batting: RHB Raúl Ortíz 0-0: Swinging Strike
0-1: Ball
1-1: Ball
2-1: Fly out, F9 (Flyball, 9S)
Top of the 3rd over - 0 run(s), 0 hit(s), 0 error(s), 0 left on base; Panama City 0 - Brooklyn 3
BOTTOM OF THE 3RD
Brooklyn Dodgers batting - Pitching for Panama City Piranhas : RHP Luis Flores
Batting: SHB Juan Rivas 0-0: Ball
1-0: Foul Ball, location: 2F
1-1: DOUBLE (Flyball, 8LXD)
Batting: RHB Ulbert Sutkamp 0-0: Called Strike
0-1: Called Strike
0-2: Foul Ball, location: 2F
0-2: Ground out 6-3 (Groundball, 6)
Juan Rivas to third
Batting: LHB Manuel Carmona 0-0: Called Strike
0-1: Ball
1-1: Swinging Strike
1-2: Fly out, F9 (Flyball, 89D)
Runner from 3rd tags up, SCORES, no throw
Batting: LHB Avon Barksdale 0-0: Ball
1-0: Swinging Strike
1-1: Called Strike
1-2: Foul Ball, location: 2F
1-2: Foul Ball, location: 2F
1-2: Ground out U3 (Groundball, 34S)
Bottom of the 3rd over - 1 run(s), 1 hit(s), 0 error(s), 0 left on base; Panama City 0 - Brooklyn 4
TOP OF THE 4TH
Panama City Piranhas batting - Pitching for Brooklyn Dodgers : RHP Víctor García
Batting: RHB Armando Alvarado 0-0: Ball
1-0: Called Strike
1-1: Ball
2-1: Ball
3-1: SINGLE (Line Drive, 56D)
Batting: RHB Juan Jose Ayala 0-0: Fielders Choice at 2nd, 6-4 (Groundball, 6D)
Batting: RHB Baldomero Avino 0-0: Called Strike
Juan Jose Ayala steals 2nd base
0-1: Ball
1-1: Fly out, F8 (Flyball, 8RM)
Batting: RHB Andy Putman 0-0: Called Strike
0-1: Foul Ball, location: 2F
0-2: Strikes out looking
Top of the 4th over - 0 run(s), 1 hit(s), 0 error(s), 1 left on base; Panama City 0 - Brooklyn 4
BOTTOM OF THE 4TH
Brooklyn Dodgers batting - Pitching for Panama City Piranhas : RHP Luis Flores
Batting: LHB Mysterious Walker 0-0: Ball
1-0: Ball
2-0: Called Strike
2-1: Foul Ball, location: 2F
2-2: Ball
3-2: Base on Balls
Batting: RHB Gustavo Mateo 0-0: Ball
1-0: Called Strike
1-1: Fly out, F9 (Flyball, 89M)
Batting: LHB Ki-tak Im 0-0: Called Strike
0-1: Fly out, F8 (Flyball, 89S)
Batting: LHB Chad Armstrong 0-0: Called Strike
Mysterious Walker steals 2nd base
0-1: Foul Ball, location: 2F
0-2: Ball
1-2: Foul Ball, location: 2F
1-2: Ground out U3 (Groundball, 3)
Bottom of the 4th over - 0 run(s), 0 hit(s), 0 error(s), 1 left on base; Panama City 0 - Brooklyn 4
TOP OF THE 5TH
Panama City Piranhas batting - Pitching for Brooklyn Dodgers : RHP Víctor García
Batting: LHB Sergio Muñóz 0-0: Called Strike
0-1: Called Strike
0-2: Strikes out swinging
Batting: RHB Lorenzo Rosas 0-0: Foul Ball, location: 2F
0-1: Ball
1-1: Ball
2-1: Foul Ball, location: 2F
2-2: Strikes out swinging
Batting: LHB Robert Adams 0-0: Ball
1-0: Called Strike
1-1: Ball
2-1: Swinging Strike
2-2: Strikes out swinging
Top of the 5th over - 0 run(s), 0 hit(s), 0 error(s), 0 left on base; Panama City 0 - Brooklyn 4
BOTTOM OF THE 5TH
Brooklyn Dodgers batting - Pitching for Panama City Piranhas : RHP Luis Flores
Batting: RHB Gerald Clark 0-0: Ball
1-0: Foul Ball, location: 2F
1-1: Called Strike
1-2: Strikes out swinging
Batting: SHB Juan Rivas 0-0: Called Strike
0-1: Ball
1-1: Ball
2-1: Ball
3-1: Called Strike
3-2: Base on Balls
Batting: RHB Ulbert Sutkamp 0-0: Ball
1-0: Called Strike
Juan Rivas steals 2nd base
1-1: Foul Ball, location: 2F
1-2: Fly out, F8 (Flyball, 8LM)
Batting: LHB Manuel Carmona 0-0: Ball
1-0: Foul Ball, location: 2F
1-1: Ball
2-1: Ball
3-1: Fly out, F4 (Line Drive, 4M)
Bottom of the 5th over - 0 run(s), 0 hit(s), 0 error(s), 1 left on base; Panama City 0 - Brooklyn 4
TOP OF THE 6TH
Panama City Piranhas batting - Pitching for Brooklyn Dodgers : RHP Víctor García
Batting: RHB Cale Sutton 0-0: Ground out 6-3 (Groundball, 6S)
Batting: RHB Raúl Ortíz 0-0: Ball
1-0: Called Strike
1-1: Swinging Strike
1-2: Strikes out looking
Batting: RHB Armando Alvarado 0-0: Ball
1-0: Ball
2-0: Fly out, F9 (Flyball, 9)
Top of the 6th over - 0 run(s), 0 hit(s), 0 error(s), 0 left on base; Panama City 0 - Brooklyn 4
BOTTOM OF THE 6TH
Brooklyn Dodgers batting - Pitching for Panama City Piranhas : RHP Luis Flores
Batting: LHB Avon Barksdale 0-0: Swinging Strike
0-1: SOLO HOME RUN (Flyball, 9D), Distance : 373 ft
Pitching: RHP Francisco Barrios
Batting: LHB Mysterious Walker 0-0: Called Strike
0-1: SINGLE (Groundball, 34S) (infield hit)
Batting: RHB Gustavo Mateo 0-0: Called Strike
0-1: Hit by Pitch
Mysterious Walker to second
Batting: LHB Ki-tak Im 0-0: Ball
1-0: Bunted foul
1-1: Ball
2-1: Sac Bunt - play at first, batter OUT! 1-4
Mysterious Walker to third
Gustavo Mateo to second
Batting: LHB Chad Armstrong 0-0: Fly out, F9 (Flyball, 9LM)
Runner from 3rd tags up, OUT at HOME
Bottom of the 6th over - 1 run(s), 2 hit(s), 0 error(s), 1 left on base; Panama City 0 - Brooklyn 5
TOP OF THE 7TH
Panama City Piranhas batting - Pitching for Brooklyn Dodgers : RHP Víctor García
Batting: RHB Juan Jose Ayala 0-0: Called Strike
0-1: Foul Ball, location: 2F
0-2: Foul Ball, location: 2F
0-2: Ball
1-2: Strikes out swinging
Batting: RHB Baldomero Avino 0-0: Foul Ball, location: 2F
0-1: Ball
1-1: Ball
2-1: SINGLE (Line Drive, 56)
Batting: RHB Andy Putman 0-0: Called Strike
0-1: Ball
1-1: Ball
2-1: Ball
3-1: Base on Balls
Baldomero Avino to second
Batting: LHB Sergio Muñóz 0-0: Ball
1-0: Fielders Choice at 2nd, 1-6 (Groundball, 13)
Baldomero Avino to third
Batting: RHB Lorenzo Rosas 0-0: Foul Ball, location: 2F
0-1: SINGLE (Groundball, 6MD)
Baldomero Avino scores
Sergio Muñóz to second
Batting: LHB Robert Adams 0-0: Foul Ball, location: 2F
0-1: SINGLE (Flyball, 8RS)
Sergio Muñóz to third
Lorenzo Rosas to second
Runner from 3rd tries for Home, SAFE, no throw
Batting: RHB Cale Sutton 0-0: Ball
1-0: Fielders Choice at 2nd, 5-4 (Groundball, 5)
Top of the 7th over - 2 run(s), 3 hit(s), 0 error(s), 1 left on base; Panama City 2 - Brooklyn 5
BOTTOM OF THE 7TH
Brooklyn Dodgers batting - Pitching for Panama City Piranhas : RHP Francisco Barrios
Batting: RHB Gerald Clark 0-0: Called Strike
0-1: Foul Ball, location: 2F
0-2: Ground out 6-3 (Groundball, 6)
Batting: SHB Juan Rivas 0-0: Ball
1-0: Called Strike
1-1: Ball
2-1: Ball
3-1: Base on Balls
Batting: RHB Ulbert Sutkamp 0-0: Foul Ball, location: 2F
0-1: Ball
1-1: Ball
2-1: Fly out, F9 (Flyball, 9S)
Batting: LHB Manuel Carmona 0-0: Ball
1-0: Fly out, F9 (Flyball, 9S)
Bottom of the 7th over - 0 run(s), 0 hit(s), 0 error(s), 1 left on base; Panama City 2 - Brooklyn 5
TOP OF THE 8TH
Panama City Piranhas batting - Pitching for Brooklyn Dodgers : RHP Víctor García
Pitching: LHP Brandeis Vogt
Batting: RHB Raúl Ortíz 0-0: Ball
1-0: Called Strike
1-1: SINGLE (Line Drive, 56D)
Pitching: RHP John Bailey
Batting: RHB Armando Alvarado 0-0: Ball
1-0: Foul Ball, location: 2F
1-1: Ball
2-1: Foul Ball, location: 2F
2-2: SINGLE (Groundball, 34D)
Raúl Ortíz to second
Runner from 2nd tries for 3rd, SAFE, throw made to third
Batting: RHB Juan Jose Ayala 0-0: Ball
1-0: Grounds into double play, 6-4-3 (Groundball, 6)
Raúl Ortíz scores
Batting: RHB Baldomero Avino 0-0: Foul Ball, location: 2F
0-1: Ball
1-1: Ground out 6-3 (Groundball, 6)
Top of the 8th over - 1 run(s), 2 hit(s), 0 error(s), 0 left on base; Panama City 3 - Brooklyn 5
BOTTOM OF THE 8TH
Brooklyn Dodgers batting - Pitching for Panama City Piranhas : RHP Francisco Barrios
Batting: LHB Avon Barksdale 0-0: Ball
1-0: Fly out, F7 (Flyball, 7D)
Batting: LHB Mysterious Walker 0-0: Ball
1-0: Ball
2-0: Foul Ball, location: 2F
2-1: Ground out 4-3 (Groundball, 4)
Batting: RHB Gustavo Mateo 0-0: Ball
1-0: Ground out 6-3 (Groundball, 6D)
Bottom of the 8th over - 0 run(s), 0 hit(s), 0 error(s), 0 left on base; Panama City 3 - Brooklyn 5
TOP OF THE 9TH
Panama City Piranhas batting - Pitching for Brooklyn Dodgers : RHP John Bailey
Pitching: LHP Sjaak Bonne
Batting: RHB Andy Putman 0-0: Ball
1-0: Called Strike
1-1: Foul Ball, location: 2F
1-2: Ball
2-2: Strikes out swinging
Batting: LHB Sergio Muñóz 0-0: Swinging Strike
0-1: Foul Ball, location: 2F
0-2: Strikes out swinging, 2-3 out at first.
Batting: RHB Lorenzo Rosas 0-0: Foul Ball, location: 2F
0-1: Ball
1-1: Ball
2-1: Foul Ball, location: 2F
2-2: Ball
3-2: Base on Balls
Pinch Hitting: RHB JoJo Victory 0-0: Foul Ball, location: 2F
0-1: Swinging Strike
0-2: Ball
1-2: Ball
2-2: Strikes out swinging
Top of the 9th over - 0 run(s), 0 hit(s), 0 error(s), 1 left on base; Panama City 3 - Brooklyn 5
Tuesday, September 12th, 2017 - OOTP Baseball 17.12 Build 75